 Dungeon Crawl Stone Soup version 0.27-a0-1301-g128193abf8 (webtiles) character file.

Game seed: 5266524387513180132

169 flotson the Skirmisher (level 5, -18/41 HPs)
             Began as a Demonspawn Fighter on June 17, 2021.
             Demolished by an ogre (19 damage)
             ... on level 4 of the Dungeon.
             The game lasted 00:03:38 (2283 turns).

flotson the Skirmisher (Demonspawn Fighter)         Turns: 2283, Time: 00:03:39

Health: -18/41     AC:  6    Str: 18    XL:     5   Next: 25%
Magic:  5/5        EV:  9    Int:  9    God:
Gold:   162        SH:  9    Dex: 12    Spells: 4/4 levels left

rFire    + . .     SeeInvis .   a - +0 war axe
rCold    + . .     Faith    .   c - +0 kite shield
rNeg     . . .     Spirit   .   l - +2 robe {rC+ rF+}
rPois    .         Reflect  .   (helmet restricted)
rElec    .         Harm     .   (no cloak)
rCorr    .         Rampage  .   (no gloves)
Will     +....                  (no boots)
Stlth    +.........             (no amulet)
HPRegen  0.13/turn              g - ring of willpower
MPRegen  0.09/turn              (no ring)

@: no status effects
A: horns 1, icy blue scales 1, ignite blood 2
a: no special abilities


You were on level 4 of the Dungeon.
You visited 1 branch of the dungeon, and saw 4 of its levels.

You collected 162 gold pieces.

Inventory:

Hand Weapons
 a - a +0 war axe (weapon)
Missiles
 b - 2 javelins
 h - 26 poisoned darts
 k - 7 atropa-tipped darts (quivered)
Armour
 c - a +0 kite shield (worn)
 l - a +2 robe of resistance (worn)
Jewellery
 g - a ring of willpower (left hand)
Scrolls
 e - 2 scrolls of enchant armour {unknown}
 f - a scroll of immolation {unknown}
 j - 3 scrolls of teleportation {unknown}
 m - a scroll of acquirement {unknown}
Potions
 d - a potion of might
 i - a potion of curing {unknown}


   Skills:
 + Level 3.6 Fighting
 + Level 2.6 Axes
 + Level 1.4 Throwing
 + Level 3.3 Armour
 + Level 1.5 Dodging
 + Level 3.3 Shields


You had 4 spell levels left.
You didn't know any spells.
Your spell library was empty.

Dungeon Overview and Level Annotations

Branches:
Dungeon (4/15)
 Temple: D:4-7

Altars:
Elyvilon
Qazlal
Vehumet

Shops:
D:3 *


Innate Abilities, Weirdness & Mutations

You have a pair of small horns on your head.
You are partially covered in icy blue scales. (AC +2)
Your demonic aura often causes spilled blood to erupt in flames.


Message History

You now have enough gold to buy a glowing tourmaline ring on D:3.
You can access your shopping list by pressing '$'.
You now have 162 gold pieces (gained 12).
j - 3 scrolls labelled KUNURE WIFRARAJI (gained 1)
A goblin comes into view.
It is wielding a +0 club and carrying a wand of polymorph (11).
An ogre comes into view. It is wielding a +0 giant club.
The goblin zaps a wand.
You resist with almost no effort.
The ogre moves out of view.
Found a stone staircase leading down.
The ogre shouts!
You miss the goblin. The goblin hits you but does no damage.
You block the goblin's attack.
You closely miss the goblin. You headbutt the goblin.
You kill the goblin!
A dart slug comes into view.
The ogre completely misses you.
Things that are here:
a +0 club; a wand of polymorph (10); a goblin corpse Your shield prevents you from hitting the ogre.
An adder comes into view.
You block the ogre's attack.
You barely miss the ogre.
The adder hisses angrily.
You headbutt the ogre.
The ogre is lightly wounded.
The ogre hits you with a +0 giant club!! x2
* * * LOW HITPOINT WARNING * * *
You are too injured to fight recklessly!
You are too injured to fight recklessly!
You are too injured to fight recklessly!
You are too injured to fight recklessly!
You are too injured to fight recklessly!
Throw: 8 darts (atropa)
Press: ? - help, Q - select action, (/) - cycle Shift-Dir - straight line, f - ogre
Aim: an ogre, wielding a +0 giant club (lightly wounded, 73% to hit, chance to blind on hit: 27%)
You throw an atropa-tipped dart.
The atropa-tipped dart barely misses the ogre.
The atropa-tipped dart misses the adder.
The ogre hits you with a +0 giant club!!
You die...

.######.#######
.##.........#.####
.##.#######......#
.##.# #.#.#### ..#.#
#.#.# ....# #.#.# ##
..#.# #.#.# #.# .##.#
#.#.####.#
###.#######.#...@O##
###...............S#
...........########...>
######...### ...(.
##.## ...# #.# #.#.#
#.# .# . #.# . #..


You could see an ogre and an adder.

Vanquished Creatures
  A phantom (D:4)
  2 adders (D:2)
  2 adder skeletons
  A worm (D:2)
  5 ball pythons
  9 endoplasms
  5 giant cockroaches
  5 goblins
  9 hobgoblins
  5 kobolds
  4 bats
  5 frilled lizards
  6 rats
59 creatures vanquished.

Vanquished Creatures (others)
  A butterfly (D:3)
1 creature vanquished.

Grand Total: 60 creatures vanquished

Notes
Turn   | Place    | Note
-------+----------+-------------------------------------------
     0 | D:1      | flotson the Demonspawn Fighter began the quest for the Orb.
     0 | D:1      | Reached XP level 1. HP: 18/18 MP: 1/1
   226 | D:1      | Gained mutation: You are partially covered in icy blue
                  | scales. (AC +2) [demonic ancestry]
   226 | D:1      | Reached XP level 2. HP: 24/24 MP: 2/2
   625 | D:1      | Found a faded altar of an unknown god.
   783 | D:2      | Gained mutation: You have a pair of small horns on your
                  | head. [demonic ancestry]
   783 | D:2      | Reached XP level 3. HP: 27/29 MP: 3/3
  1120 | D:2      | Reached skill level 1 in Dodging
  1273 | D:2      | Reached skill level 1 in Throwing
  1275 | D:2      | Gained mutation: Your demonic aura sometimes causes spilled
                  | blood to erupt in flames. [demonic ancestry]
  1275 | D:2      | Reached XP level 4. HP: 35/35 MP: 4/4
  1836 | D:3      | Found Nodgheteo's Assorted Antiques.
  2076 | D:4      | Noticed a phantom
  2093 | D:4      | Killed a phantom
  2094 | D:4      | Gained mutation: Your demonic aura often causes spilled
                  | blood to erupt in flames. [demonic ancestry]
  2094 | D:4      | Reached XP level 5. HP: 31/41 MP: 5/5
  2213 | D:4      | Found a radiant altar of Vehumet.
  2219 | D:4      | Found a stormy altar of Qazlal.
  2275 | D:4      | Noticed an ogre
  2281 | D:4      | HP: 1/41 [ogre (20)]
  2283 | D:4      | Demolished by an ogre

Illustrated notes

Levels and vault maps discovered:
D:1:      dpeg_arrival_ternary, layout_rooms,
          shapermc_ecumenical_altar_mp_vishouse, minivault_4,
          kennysheep_small_spiral, minmay_statues_item
D:2:      layout_rooms
D:3:      layout_loops_ring, nicolae_elyvilon_peaceful_grove, serial_shops,
          nicolae_diamond_shop
D:4:      layout_loops_ring, chequers_temple_overflow_statue_of_worship,
          nzn_wu_jian_council_hall, grunt_ministairs_7, uniq_crazy_yiuf_cottage

Skill      XL: |  1  2  3 |
---------------+----------+-----
Axes           | 2 |  2.6
Armour         | 3 |  3.3
Shields        | 3 |  3.3
Dodging        | 1 |  1.5
Throwing       | 1 |  1.4
Fighting       | |  3.6

Action                   |  1- 3 |  4- 6 || total
-------------------------+-------+-------++-------
Melee: War axe           |    98 |    50 ||   148
       Headbutt          |    10 |     9 ||    19
Throw: Dart              |     2 |     1 ||     3
Armor: Scale mail        |    37 |       ||    37
       Robe              |     4 |    14 ||    18
Dodge: Dodged            |    33 |    17 ||    50
Block: Kite shield       |    52 |    26 ||    78

Table legend: (Time is in decaauts)
 A = Elapsed time spent in this place.
 B = Non-inter-level travel time spent in this place.
 C = Inter-level travel time spent in this place.
 D = Time resting spent in this place.
 E = Time spent auto-exploring this place.
 F = Levels seen in this place.
 G = Mean time per level.
                   A        B        C        D        E       F      G
               +--------+--------+--------+--------+--------+-----+--------+
         Total |   2378 |   2302 |     76 |      0 |   1861 |   4 |  594.5 |
       Dungeon |   2378 |   2302 |     76 |      0 |   1861 |   4 |  594.5 |
               +--------+--------+--------+--------+--------+-----+--------+

Top non-repeatable levels by time:
     D:1: 768 daAuts
     D:2: 764 daAuts
     D:3: 583 daAuts
     D:4: 262 daAuts
